 Dungeon Crawl Stone Soup version 0.31-a0-267-g3fc6992b3b (webtiles) character file.

Game seed: 12084448454052154100

613 qw the Shooter (level 7, -2/43 HPs)
             Began as a Gargoyle Hexslinger on July 14, 2023.
             Slain by a black bear (3 damage)
             ... on level 5 of the Dungeon.
             The game lasted 00:01:39 (3661 turns).

qw the Shooter (Gargoyle Hexslinger)                Turns: 3661, Time: 00:01:40

Health: -2/43      AC:  9    Str: 12    XL:     7   Next: 44%
Magic:  8/8        EV: 11    Int: 16    God:
Gold:   143        SH:  5    Dex: 14    Spells: 7/8 levels left

rFire   . . .        Y - +0 orcbow
rCold   + . .        (shield currently unavailable)
rNeg    + . .        f - +0 leather armour
rPois   inf          l - +1 helmet of Oily Awe {rC+ Int+3 SInv}
rElec   +            (no cloak)
rCorr   .            (no gloves)
SInv    +            (no boots)
Will    .....        h - amulet of reflection
Stlth   +            (no ring)
HPRegen 0.27/turn    (no ring)
MPRegen 0.11/turn

%: reflection
@: about to teleport
A: sickness immunity, AC +4, negative energy resistance 1, electricity
resistance, torment resistance 1, petrification resistance
a: no special abilities


You were on level 5 of the Dungeon.
You visited 1 branch of the dungeon, and saw 5 of its levels.

You collected 143 gold pieces.


Innate Abilities, Weirdness & Mutations

You are immune to sickness and miasma.
Your stone body is resilient. (AC +4)
You are immune to poison.
You resist negative energy. (rN+)
You are resistant to electric shocks. (rElec)
You are resistant to unholy torment.
You are immune to petrification.


   Skills:
 - Level 4.0 Fighting
 + Level 7.0 Ranged Weapons
 - Level 1.0 Armour
 - Level 1.5 Dodging
 - Level 1.0 Spellcasting
 - Level 2.6 Hexes


You had 7 spell levels left.
You knew the following spells:

 Your Spells              Type           Power      Damage    Failure   Level
a - Slow                  Hex            36%        N/A       10%         1

Your spell library contained the following spells:

 Spells                   Type           Power      Damage    Failure   Level
 Inner Flame              Hex/Fire       5%         N/A       45%         3
 Portal Projectile        Hex/Tloc       10%        N/A       45%         3
 Cause Fear               Hex            4%         N/A       67%         4

Inventory:

Hand Weapons
 Y - a +0 orcbow (weapon)
Armour
 f - a +0 leather armour (worn)
 k - a +0 pair of gloves
 l - the +1 helmet of Oily Awe (worn) {rC+ Int+3 SInv}
   (You took it off Robin on level 4 of the Dungeon)

   Int:       It affects your intelligence (+3).
   rC:        It protects you from cold.
   SInv:      It lets you see invisible.
 o - a +0 ring mail
Jewellery
 b - a ring of ice
 h - an amulet of reflection (around neck)
 n - a +5 ring of evasion
Scrolls
 c - a scroll of teleportation
 p - a scroll of enchant armour
Potions
 a - a potion of mutation {unknown}
 d - a potion of ambrosia {unknown}
 e - a potion of lignification {unknown}
 g - 2 potions of curing
 i - a potion of brilliance {unknown}
 j - a potion of attraction {unknown}
 m - a potion of heal wounds {unknown}

Dungeon Overview and Level Annotations

Branches:
Dungeon (5/15)
 Temple: D:4-7

Altars:
Gozag
Hepliaklqana
Sif Muna
Trog
Yredelemnul


Message History

You kill the hound!
The water moccasin closely misses you. The water moccasin barely misses you.
The orc hits you with a +0 war axe!
Your Ranged Weapons skill increases to level 7!
You shoot an arrow.
The arrow closely misses the black bear.
The water moccasin bites you but does no damage.
You block the orc's attack. The black bear closely misses you.
The black bear claws you.
The black bear claws you but does no damage.
The water moccasin closely misses you.
You shoot an arrow.
The arrow hits the black bear but does no damage.
The water moccasin bites you but does no damage.
The orc hits you with a +0 war axe. The black bear barely misses you.
You block the black bear's attack. The black bear completely misses you.
You block the water moccasin's attack.
You shoot an arrow. The arrow hits the black bear!
The black bear is moderately wounded.
The black bear bites you. You block the black bear's attack.
The black bear claws you but does no damage.
The orc closely misses you.
The water moccasin bites you but does no damage.
You shoot an arrow.
The arrow closely misses the black bear.
The arrow hits the worm!
The worm is heavily wounded.
The water moccasin bites you. The orc closely misses you.
The black bear completely misses you. You block the black bear's attack.
The black bear claws you but does no damage.
The water moccasin misses you. The black bear bites you.
The black bear claws you but does no damage. x2
The orc hits you with a +0 war axe.
A shadow imp comes into view.
3661 ||| READING 2 scrolls of teleportation.
As you read the scroll of teleportation, it crumbles to dust.
You feel strangely unstable. The water moccasin bites you.
The orc hits you but does no damage. The black bear bites you.
You die...

##$.. #(...
#.... #[...
#... #..
######S####
....w.h@..#
......o...#
....).....#
5########.#
###..#
#....#
##....#
#.....#
#....#####


You could see a water moccasin, a black bear, a worm, a shadow imp and an orc.

Vanquished Creatures
  Grinder (D:4)
  A scorpion (D:4)
  2 hounds
  An orc priest (D:4)
  An iguana (D:5)
  An orc wizard (D:4)
  Robin (D:4)
  5 gnolls (D:3)
  4 adders
  A white imp (D:3)
  4 worms (D:2)
  A dart slug (D:2)
  10 orcs
  9 endoplasms
  4 giant cockroaches
  11 goblins
  7 hobgoblins
  8 kobolds
  6 quokkas
  8 ball pythons
  3 bats
  4 frilled lizards (D:1)
  10 rats
  A spectral orc (D:3)
104 creatures vanquished.

Notes
Turn   | Place    | Note
-------+----------+-------------------------------------------
     0 | D:1      | qw the Gargoyle Hexslinger began the quest for the Orb.
     0 | D:1      | Reached XP level 1. HP: 12/12 MP: 2/2
     0 | D:1      | 0 ||| qw: Version: 0.3-a-52-g30416fa
     0 | D:1      | 0 ||| qw: Game counter: 7892
     0 | D:1      | 0 ||| qw: Melee chars always use a shield: true
     0 | D:1      | 0 ||| qw: God list: Okawaru
     0 | D:1      | 0 ||| qw: Allow faded altars: false
     0 | D:1      | 0 ||| qw: Do Orc after clearing Dungeon:15 true
     0 | D:1      | 0 ||| qw: Do second Lair branch before Depths: true
     0 | D:1      | 0 ||| qw: Lair rune preference: random
     0 | D:1      | 0 ||| qw: Goals: Normal
     0 | D:1      | 0 ||| PLANNING D:1-11
   143 | D:1      | Reached XP level 2. HP: 14/16 MP: 3/3
   216 | D:1      | Reached skill level 3 in Ranged Weapons
   295 | D:1      | Reached XP level 3. HP: 21/21 MP: 4/4
   775 | D:1      | 775 ||| UPGRADING to +0 leather armour.
   785 | D:1      | 785 ||| DROPPING +0 robe.
   786 | D:1      | 786 ||| READING scroll labelled ALAYXY VIGO.
   787 | D:1      | 787 ||| READING scroll labelled URU YNNEIMYIRA.
   801 | D:1      | 801 ||| READING 2 scrolls labelled QIRREXO ASHU.
   802 | D:1      | 802 ||| DRINKING 2 blue potions.
   803 | D:1      | 803 ||| DROPPING scroll of poison.
   804 | D:1      | 804 ||| DROPPING scroll of noise.
   937 | D:2      | 937 ||| READING scroll labelled XUETIA ARUKYASS.
   965 | D:2      | HP: 5/21 [worm (5)]
  1099 | D:2      | 1099 ||| SWAPPING to +0 orcbow.
  1100 | D:2      | 1100 ||| DROPPING +1 sling.
  1220 | D:2      | Reached XP level 4. HP: 26/26 MP: 5/5
  1464 | D:2      | Reached skill level 4 in Ranged Weapons
  1563 | D:2      | Found a faded altar of an unknown god.
  1737 | D:2      | 1737 ||| UPGRADING to amulet of reflection.
  1742 | D:2      | 1742 ||| READING scroll labelled TOSELUE AMUUTY.
  1743 | D:2      | 1743 ||| READING 2 scrolls labelled RYBRYPI CU DOS.
  1744 | D:2      | 1744 ||| DROPPING scroll of vulnerability.
  1790 | D:3      | Found a bloodstained altar of Trog.
  1801 | D:3      | Found a shimmering blue altar of Sif Muna.
  1850 | D:3      | 1850 ||| Stepping ~*~*~tactically~*~*~ (outnumbered).
  1866 | D:3      | Reached XP level 5. HP: 15/30 MP: 6/6
  1887 | D:3      | 1887 ||| FLEEEEING.
  1888 | D:3      | 1888 ||| FLEEEEING.
  1898 | D:3      | 1898 ||| STAIRDANCE
  2023 | D:3      | Found a hazy altar of Hepliaklqana.
  2062 | D:3      | Reached skill level 5 in Ranged Weapons
  2563 | D:3      | 2563 ||| READING scroll labelled JOYSOS ZISYCW.
  2579 | D:4      | Found an opulent altar of Gozag.
  2584 | D:4      | 2584 ||| STAIRDANCE
  2605 | D:4      | 2605 ||| STAIRDANCE
  2660 | D:4      | HP: 4/31 [orc priest/divine providence (13)]
  2661 | D:4      | 2661 ||| STAIRDANCE
  2663 | D:3      | 2663 ||| READING 3 scrolls of teleportation.
  2831 | D:4      | Reached skill level 3 in Fighting
  2831 | D:4      | Reached XP level 6. HP: 35/38 MP: 7/7
  2886 | D:4      | Found a basalt altar of Yredelemnul.
  3079 | D:4      | Noticed Grinder
  3079 | D:4      | Identified the +1 helmet of Oily Awe {rC+ Int+3 SInv}
  3079 | D:4      | Noticed Robin
  3091 | D:4      | Killed Grinder
  3092 | D:4      | Reached skill level 6 in Ranged Weapons
  3092 | D:4      | Reached XP level 7. HP: 29/42 MP: 8/8
  3094 | D:4      | Killed Robin
  3095 | D:4      | 3095 ||| FLEEEEING.
  3236 | D:4      | 3236 ||| Stepping ~*~*~tactically~*~*~ (outnumbered).
  3529 | D:4      | 3529 ||| UPGRADING to +1 helmet of Oily Awe {rC+ Int+3
                  | SInv}.
  3534 | D:4      | 3534 ||| READING scroll labelled MIOQEM ER JAGI.
  3535 | D:4      | 3535 ||| READING scroll labelled LYLOCK LIGAZOD.
  3575 | D:5      | Entered Level 5 of the Dungeon
  3590 | D:5      | Reached skill level 1 in Armour
  3657 | D:5      | Reached skill level 7 in Ranged Weapons
  3660 | D:5      | HP: 9/43 [water moccasin (2)]
  3660 | D:5      | HP: 3/43 [orc/+0 war axe (4)]
  3661 | D:5      | 3661 ||| READING 2 scrolls of teleportation.
  3661 | D:5      | HP: 1/43 [water moccasin (3)]
  3661 | D:5      | Slain by a black bear

Levels and vault maps discovered:
D:1:      dpeg_arrival_tiny_k, layout_loops_ring, serial_forest,
          infiniplex_forest_straight_2, infiniplex_forest_clump_small,
          infiniplex_forest_end_3, infiniplex_forest_straight_3,
          infiniplex_forest_zigzag_1, infiniplex_forest_straight_1, st_stairs_1
D:2:      minmay_evil_eye, layout_loops_ring,
          shapermc_ecumenical_altar_hornbeckon, columned_hall_lemuel,
          grunt_decor_cap
D:3:      layout_basic, nzn_overflow_gifts_of_might_and_magic,
          nicolae_hepliaklqana_monster_ancestors
D:4:      layout_gridville, mainiacjoe_overflow_surrounded_room,
          overflow_temple_1_default, uniq_grinder, uniq_robin
D:5:      minmay_opposing_rooms, layout_rooms, nicolae_overflow_crystal_walls,
          hellmonk_guarded_unrand_hermit, uniq_pikel

Skill      XL: |  1  2  3  4  5  6  7 |
---------------+----------------------+-----
Ranged Weapons | 3 4 5 6 7 |  7.0
Fighting       | 2 3 4 |  4.0
Armour         | 1 |  1.0
Dodging        | |  1.5
Spellcasting   | |  1.0
Hexes          | |  2.6

Action                     |  1- 3 |  4- 6 |  7- 9 || total
---------------------------+-------+-------+-------++-------
   Fire: Sling             |   116 |       |       ||   116
         Orcbow            |    22 |   181 |    90 ||   293
    Use: Scroll            |     4 |     4 |     3 ||    11
         Potion            |     1 |       |       ||     1
 Armour: Robe              |    11 |       |       ||    11
         Leather armour    |    14 |    19 |    48 ||    81
  Dodge: Dodged            |    66 |    68 |    53 ||   187
  Block: Other             |       |    15 |    21 ||    36
         Reflection        |       |     1 |     1 ||     2

Table legend:
 A = Non-vault XP
 B = Vault XP
 C = Vault XP percentage of total XP
 D = Non-vault monster count
 E = Vault monster count
 F = Vault count percentage of total count
                 A         B        C        D         E       F
            +---------+---------+-------+---------+---------+-------
      Total |     463 |     414 |  47.2 |      80 |      24 |  23.1
            +---------+---------+-------+---------+---------+-------
        D:1 |      33 |       2 |   5.7 |      22 |       2 |   8.3
        D:2 |      64 |       2 |   3.0 |      17 |       2 |  10.5
        D:3 |     125 |      28 |  18.3 |      20 |       4 |  16.7
        D:4 |     191 |     323 |  62.8 |      19 |      13 |  40.6
        D:5 |      50 |      59 |  54.1 |       2 |       3 |  60.0
            +---------+---------+-------+---------+---------+-------
